 Dungeon Crawl Stone Soup version 0.28-a0-80-g9707f7362f (webtiles) character file.

Game seed: 11716543163799952125

537 HAL9000 the Changer (level 7, -8/53 HPs)
             Began as a Purple Draconian Transmuter on Aug 5, 2021.
             Mangled by an orc priest (11 damage)
             ... on level 5 of the Dungeon.
             The game lasted 00:05:33 (4178 turns).

HAL9000 the Changer (Purple Draconian Transmuter)   Turns: 4178, Time: 00:05:33

Health: -8/53      AC:  2    Str: 18    XL:     7   Next: 5%
Magic:  5/10       EV: 19    Int: 15    God:
Gold:   165        SH:  0    Dex: 17    Spells: 4/10 levels left

rFire   . . .      SeeInvis .     - Unarmed
rCold   . . .      Faith    .   (shield currently unavailable)
rNeg    . . .      Spirit   .   (armour unavailable)
rPois   x          Reflect  .   (helmet currently unavailable)
rElec   .          Harm     .   (cloak currently unavailable)
rCorr   .          Rampage  .   (gloves currently unavailable)
Will    +....                   (boots currently unavailable)
Stlth   ++........              (no amulet)
HPRegen 0.17/turn               n - +6 ring of strength
MPRegen 0.12/turn               (no ring)

@: spider-form
A: venomous fangs, (breathe power), AC +6, tiny, unfitting armour,
(cold-blooded)
a: End Transformation


You were on level 5 of the Dungeon.
You were a venomous arachnid creature.
You visited 1 branch of the dungeon, and saw 5 of its levels.

You collected 165 gold pieces.

Inventory:

Missiles
 k - 2 javelins
Armour
 i - a +0 pair of gloves (melded)
Jewellery
 n - a +6 ring of strength (left front leg)
Wands
 m - a wand of acid (8)
Scrolls
 a - 3 scrolls of vulnerability {unknown}
 b - 2 scrolls of identify {unknown}
 c - a scroll of magic mapping {unknown}
 f - a scroll of enchant armour {unknown}
 g - 2 scrolls of blinking {unknown}
 h - 2 scrolls of teleportation {unknown}
 j - 3 scrolls of enchant weapon {unknown}
Potions
 d - 2 potions of berserk rage {unknown}
 e - a potion of curing {unknown}
 l - a potion of haste
 o - a potion of ambrosia {unknown}
 p - a potion of magic {unknown}
 q - a potion of degeneration {unknown}


   Skills:
 + Level 1.7 Fighting
 - Level 1.7 Dodging
 + Level 4.8 Unarmed Combat
 - Level 2.4 Spellcasting
 - Level 6.5 Transmutations


You had 4 spell levels left.
You knew the following spells:

 Your Spells              Type           Power      Damage    Failure   Level
a - Beastly Appendage     Tmut           42%        N/A       6%          1
b - Wereblood             Tmut           21%        N/A       9%          2
c - Spider Form           Tmut/Pois      5%         N/A       36%         3

Your spell library contained the following spells:

 Spells                   Type           Power      Damage    Failure   Level
 Magic Dart               Conj           4%         1d3       43%         1
 Call Imp                 Summ           1%         N/A       54%         2
 Ice Form                 Ice/Tmut       11%        N/A       71%         4
 Mephitic Cloud           Conj/Pois/Air  1%         N/A       75%         3


Dungeon Overview and Level Annotations

Branches:
Dungeon (5/15)
 Temple: D:4-7

Altars:

Shops:
D:1 =

Annotations:
D:3 2 transporters, Loefaen's ghost, weakling DgEE


Innate Abilities, Weirdness & Mutations

You are a venomous arachnid creature.
You have poisonous fangs.
You are tiny and dextrous.
Your spellcasting is less reliable in this form.
Your armour is entirely melded.
You are incapable of wielding weapons or throwing items.
((You can breathe bolts of dispelling energy.))
((Your rich purple scales are hard. (AC +6)))
You cannot fit into any form of body armour.
((You are cold-blooded and may be slowed by cold attacks.))


Message History

The phantom is severely damaged.
The orc priest invokes the aid of Beogh against you.
Beogh smites you! The phantom completely misses you.
You hit the phantom.
The phantom is almost destroyed.
The phantom closely misses you.
You hit the phantom.
The phantom is almost destroyed.
The phantom completely misses you.
You bite the phantom!
You destroy the phantom!
The orc priest begins to cast a cantrip, but forgets the words!
You have reached level 7!
Your scales start taking on a rich purple colour.
You learn Spellcasting much quicker.
You learn Hexes much quicker.
You learn Evocations quicker.
You can breathe bolts of dispelling energy.
Your transformation has ended.
Your +0 pair of gloves unmelds from your body.
The orc priest closely misses you. x2
You closely miss the orc priest. The orc priest misses you.
The orc priest invokes the aid of Beogh against you.
Pain shoots through your body!
Press: ? - help, Shift-Dir - straight line, f - orc priest
Aim: an orc priest, wielding the +11 flail "Enipt" {drain, rPois rF++ Will+ Dex-3} and wearing a +0 leather armour You fail to use your ability.
The orc priest barely misses you.
The orc priest mumbles some strange prayers to Beogh against you.
Beogh smites you!
* * * LOW HITPOINT WARNING * * *
Casting: Spider Form (dangerous; 17% risk of failure)
Confirm with . or Enter, or press ? or * to list all spells.
You turn into a venomous arachnid creature.
Your +0 pair of gloves melds into your body.
The orc priest closely misses you.
The orc priest looks satisfied for a moment.
Unknown command.
You hit the orc priest.
The orc priest is lightly wounded.
The orc priest hits you with a +0 war axe!
You die...

#.)....# #.....#
#..## ###.####
#..>..# ##.#.## #.#
#<....# #.###.#
##.## ###.###
##.#.##
#...########.#
##.##
#.#..).....#.# #.#
#....##......# #.#
####.##.#..#######
#.#
#.##.....os...###.#
#.#####.#o###.....#
#.......#.# #######
#########.# #.# #.#
#...# #..o# #...#


You could see 2 orc priests.

Vanquished Creatures
  Eustachio (D:4)
  A phantom (D:5)
  2 scorpions
  2 orc priests (D:4)
  A hound (D:4)
  An orc wizard (D:5)
  4 adders
  A worm (D:2)
  7 orcs
  5 endoplasms
  6 giant cockroaches (D:2)
  4 goblins (D:1)
  A hobgoblin (D:2)
  2 jackals (D:1)
  A quokka (D:1)
  4 ball pythons
  5 bats (D:1)
  2 frilled lizards
  8 kobolds
  3 rats
61 creatures vanquished.

Notes
Turn   | Place    | Note
-------+----------+-------------------------------------------
     0 | D:1      | HAL9000 the Draconian Transmuter began the quest for the
                  | Orb.
     0 | D:1      | Reached XP level 1. HP: 16/16 MP: 3/3
   291 | D:1      | Reached XP level 2. HP: 9/23 MP: 3/5
   605 | D:1      | Reached skill level 3 in Transmutations
   819 | D:1      | Found Venunn's Jewellery Shoppe.
  1004 | D:1      | Found a faded altar of an unknown god.
  1360 | D:1      | Reached XP level 3. HP: 28/28 MP: 4/6
  1732 | D:2      | Reached skill level 4 in Transmutations
  1892 | D:2      | Learned a level 2 spell: Wereblood
  1896 | D:2      | Learned a level 3 spell: Spider Form
  2136 | D:3      | Found a transporter.
  2137 | D:3      | Noticed Loefaen's ghost (weakling DgEE)
  2137 | D:3      | Noticed a scorpion
  2197 | D:3      | Found a transporter.
  2592 | D:3      | Reached XP level 4. HP: 32/35 MP: 5/7
  2791 | D:4      | Noticed Eustachio
  2903 | D:4      | Noticed a scorpion
  2931 | D:3      | Killed a scorpion
  2932 | D:3      | Reached skill level 5 in Transmutations
  3127 | D:4      | Killed Eustachio
  3128 | D:4      | Reached skill level 6 in Transmutations
  3128 | D:4      | Reached XP level 5. HP: 34/40 MP: 3/8
  3134 | D:4      | Reached XP level 6. HP: 28/47 MP: 3/9
  3951 | D:5      | Entered Level 5 of the Dungeon
  4145 | D:5      | Identified the +11 flail "Enipt" {drain, rPois rF++ Will+
                  | Dex-3}
  4174 | D:5      | Your scales start taking on a rich purple colour.
  4174 | D:5      | Reached XP level 7. HP: 24/53 MP: 8/10
  4178 | D:5      | Mangled by an orc priest

Illustrated notes

Levels and vault maps discovered:
D:1:      amcnicky_arrival_feature_with_door, layout_rooms,
          chequers_ecumenical_altar_simple, serial_shops, nicolae_lakefront_shop
D:2:      minmay_evil_eye, layout_basic, minmay_tromino_i2
D:3:      layout_basic, gammafunk_ghost_arena, nrook_mini_vaults
D:4:      layout_cave_pools, uniq_eustachio
D:5:      layout_loops_cross, cheibrodos_sewer_entry_drain, uniq_prince_ribbit1,
          uniq_menkaure

Skill      XL: |  1  2  3  4  5  6 |
---------------+-------------------+-----
Transmutations | 3 4 6 |  6.5
Unarmed Combat | 4 |  4.8
Fighting       | |  1.7
Dodging        | |  1.7
Spellcasting   | |  2.4

Action                   |  1- 3 |  4- 6 |  7- 9 || total
-------------------------+-------+-------+-------++-------
Melee: Unarmed           |   134 |    83 |     2 ||   219
       Kick              |    19 |     6 |       ||    25
       Tailslap          |    10 |       |       ||    10
       Headbutt          |    10 |     4 |       ||    14
 Cast: Beastly Appendage |    26 |     5 |       ||    31
       Spider Form       |       |     6 |     1 ||     7
 Stab: Sleeping          |     1 |       |       ||     1
Armor: Skin              |    47 |    16 |       ||    63
Dodge: Dodged            |    92 |    81 |     5 ||   178

Table legend: (Time is in decaauts)
 A = Elapsed time spent in this place.
 B = Non-inter-level travel time spent in this place.
 C = Inter-level travel time spent in this place.
 D = Time resting spent in this place.
 E = Time spent auto-exploring this place.
 F = Levels seen in this place.
 G = Mean time per level.
                   A        B        C        D        E       F      G
               +--------+--------+--------+--------+--------+-----+--------+
         Total |   4169 |   4013 |    156 |    772 |   2698 |   5 |  833.8 |
       Dungeon |   4169 |   4013 |    156 |    772 |   2698 |   5 |  833.8 |
               +--------+--------+--------+--------+--------+-----+--------+

Top non-repeatable levels by time:
     D:1: 1454 daAuts
     D:4: 949 daAuts
     D:3: 941 daAuts
     D:2: 599 daAuts
     D:5: 224 daAuts
